Map: 아크로폴리스 - 래더

Players

soO - Winner!

  • Race: Zerg Zerg
  • League: Master
  • Spawn Location: 5:00

herO

  • Race: Protoss Protoss
  • League: Master
  • Spawn Location: 11:00

Event: 2019 Assembly Summer

VOD

Have the link to the VOD?

Description

Time

  • Played on: Aug. 2, 2019, 7:45 a.m.
  • Length: 10:48

All games in this series

Show
View Real Time Build Order
Export as new Build Order

soO Zerg - Winner!

Build Orders: Hatch First 

Get SALT Encoding   

  12  0:00  Drone  
  13  0:12  Overlord  
  13  0:16  Drone  
  14  0:30  Drone x2  
  16  0:47  Hatchery  
  15  0:50  Drone  
  15  0:54  Drone  
  17  0:57  Drone  
  18  1:07  Extractor  
  17  1:12  Spawning Pool  
  16  1:18  Drone  
  16  1:21  Drone  
  18  1:27  Drone  
  19  1:39  Drone  
  20  1:50  Drone  
  20  1:53  Hatchery  
  20  2:01  Queen  
  22  2:03  Drone  
  22  2:07  Drone  
  24  2:10  Drone  
  25  2:16  Overlord  
  25  2:24  Queen  
  25  2:29  Zergling x2  
  28  2:34  Metabolic Boost  
  28  2:36  Zergling x2  
  29  2:37  Zergling x2  
  30  2:46  Drone  
  30  2:52  Zergling x2  
  30  2:53  Queen  
  30  2:56  Drone x2  
  30  2:58  Drone  
  36  3:05  Queen  
  38  3:10  Drone  
  38  3:11  Overlord  
  39  3:16  Drone  
  39  3:17  Drone  
  41  3:21  Drone  
  41  3:25  Overlord  
  42  3:32  Drone  
  42  3:33  Drone x3  
  46  3:37  Drone  
  46  3:38  Drone  
  46  3:39  Overlord  
  48  3:45  Drone x2  
  50  3:51  Drone x3  
  50  3:52  Roach Warren  
  52  3:59  Zergling x4  
  52  4:01  Lair  
  54  4:03  Drone x2  
  54  4:06  Extractor  
  54  4:09  Extractor  
  54  4:13  Zergling x4  
  54  4:14  Drone x2  
  58  4:18  Drone x2  
  58  4:19  Drone  
  58  4:20  Drone x3  
  58  4:24  Drone  
  64  4:26  Drone  
  64  4:29  Overlord  
  65  4:36  Overlord  
  65  4:37  Overlord  
  65  4:40  Overlord  
  65  4:45  Overlord  
  65  4:48  Roach x3  
  65  4:49  Roach  
  73  4:54  Drone x2  
  73  4:55  Drone x4  
  73  4:58  Drone x3  
  82  5:00  Glial Reconstitution  
  82  5:02  Overseer  
  82  5:13  Drone x3  
  85  5:18  Roach x2, Zergling x4  
  89  5:25  Overseer  
  89  5:31  Evolution Chamber  
  89  5:34  Zergling x16  
  93  5:38  Drone x2  
  93  5:45  Extractor  
  93  5:46  Extractor  
  93  5:49  Roach x6  
  103  5:52  Overlord  
  101  5:59  Roach  
  101  6:00  Roach, Overlord  
  101  6:01  Zerg Missile Weapons Level 1  
  105  6:09  Overlord  
  104  6:12  Roach x2  
  104  6:17  Roach x2  
  112  6:18  Roach x3  
  112  6:19  Roach x3  
  114  6:26  Roach x3  
  122  6:32  Roach  
  122  6:34  Roach  
  128  6:40  Roach x2  
  128  6:49  Roach  
  128  6:51  Overlord x2  
  128  6:52  Overlord  
  128  6:54  Overlord  
  128  6:57  Overlord  
  128  7:02  Overlord  
  128  7:04  Overlord  
  128  7:06  Overlord  
  128  7:07  Ravager  
  129  7:10  Roach x5  
  129  7:15  Roach x4  
  147  7:20  Ravager x3  
  147  7:21  Roach  
  152  7:25  Roach  
  152  7:27  Roach x2  
  152  7:28  Roach x5  
  168  7:36  Roach  
  169  7:39  Roach x5  
  179  7:50  Roach x3  
  185  7:56  Roach x4  
  193  7:59  Ravager  
  193  8:03  Roach, Zergling x2  
  193  8:05  Overlord  
  194  8:10  Overlord  
  194  8:15  Roach x3  
  192  8:22  Roach x2  
  192  8:23  Roach  
  180  8:29  Roach x3  
  180  8:31  Ravager x3  
  180  8:34  Roach x2, Zergling x8  
  188  8:36  Roach  
  188  8:40  Roach  
  188  8:41  Roach  
  167  8:44  Roach  
  167  8:46  Roach x2  
  145  8:50  Roach  
  145  8:52  Roach  
  145  8:55  Roach x2  
  133  9:00  Roach  
  121  9:05  Roach x2  
  121  9:06  Roach  
  119  9:12  Roach x3  
  123  9:17  Ravager x2  
  123  9:23  Roach x4, Zergling x2  
  123  9:24  Zergling x4  
  136  9:28  Zergling x6  
  136  9:29  Hatchery  
  136  9:30  Ravager  
  137  9:33  Roach  
  138  9:39  Roach x2  
  138  9:43  Roach  
  137  9:46  Roach  
  137  9:49  Roach x4  
  132  9:52  Roach  
  132  9:53  Roach  
  132  9:56  Roach  
  132  9:57  Roach  
  130  10:02  Roach x2  
  131  10:07  Roach x3  
  131  10:13  Ravager  
  137  10:16  Ravager  
  137  10:18  Zergling x14  
  137  10:19  Ravager  
  146  10:24  Roach x2  
Show
View Real Time Build Order
Export as new Build Order

herO Protoss 

Build Orders: 1 Gate Expand, Archon Immortal 

Get SALT Encoding   

  12  0:00  Probe  
  13  0:12  Probe  
  14  0:17  Pylon  
  14  0:24  Probe  
  15  0:35  Probe  
  15  0:36  Gateway  
  16  0:43  Probe  
  16  0:44  Assimilator  
  17  0:52  Probe  
  18  1:04  Probe  
  19  1:16  Probe  
  20  1:23  Cybernetics Core  
  20  1:33  Nexus  
  20  1:40  Pylon  
  20  1:45  Assimilator  
  20  1:47  Probe  
  21  1:49  Adept  
  21  1:59  Probe  
  24  2:10  Adept  
  24  2:11  Probe  
  24  2:12  Robotics Facility  
  27  2:23  Probe  
  27  2:27  Warp Gate  
  28  2:35  Probe  
  29  2:39  Stalker  
  31  2:47  Probe x2  
  31  2:49  Warp Prism  
  33  2:59  Probe x2  
  33  3:04  Pylon  
  37  3:11  Probe x2  
  39  3:19  Sentry  
  41  3:21  Gateway  
  41  3:24  Probe x2  
  41  3:25  Immortal  
  47  3:37  Probe  
  47  3:38  Probe  
  49  3:47  Pylon  
  49  3:50  Probe x2  
  51  3:57  Twilight Council  
  51  3:58  Forge  
  51  4:01  Assimilator  
  51  4:02  Immortal  
  51  4:04  Probe  
  51  4:05  Probe  
  53  4:16  Pylon  
  57  4:18  Probe x2  
  59  4:28  Assimilator  
  59  4:31  Gateway  
  59  4:33  Pylon  
  59  4:34  Probe x2  
  61  4:39  Charge  
  61  4:46  Probe  
  61  4:47  Probe  
  61  4:48  Gateway  
  61  4:52  Observer  
  63  4:55  Protoss Ground Weapons Level 1  
  64  5:00  Gateway  
  64  5:02  Gateway  
  64  5:05  Gateway, Sentry  
  66  5:11  Immortal  
  66  5:21  Probe x2  
  72  5:37  Nexus  
  72  5:38  Sentry  
  72  5:39  Sentry  
  72  5:41  Pylon  
  72  5:43  Immortal, Probe x2  
  78  6:00  Zealot x2, Sentry  
  78  6:02  Zealot  
  83  6:07  Probe x2  
  83  6:10  Phoenix  
  83  6:11  Pylon  
  85  6:16  Gateway  
  85  6:18  Templar Archives  
  85  6:19  Immortal  
  85  6:29  Stalker  
  85  6:30  Probe x2  
  93  6:44  Protoss Ground Weapons Level 2  
  93  6:45  Pylon  
  93  6:49  Psionic Storm  
  93  6:52  Probe x3  
  93  6:54  Assimilator  
  96  6:57  Zealot x3  
  96  6:58  Assimilator  
  96  7:01  High Templar  
  104  7:12  Immortal  
  104  7:13  Phoenix  
  104  7:17  Shield Battery  
  104  7:18  Pylon  
  104  7:19  Shield Battery  
  108  7:29  High Templar, Zealot x2  
  114  7:33  Pylon  
  114  7:48  High Templar x2, Zealot  
  114  7:49  Zealot  
  122  7:52  Immortal  
  125  8:00  Pylon  
  125  8:06  High Templar, Zealot x2  
  125  8:07  Zealot  
  125  8:10  Pylon  
  125  8:12  Pylon  
  127  8:26  Zealot x5  
  127  8:27  Zealot x2  
  127  8:32  Archon x2  
  117  8:39  Zealot  
  87  8:48  Zealot x2  
  87  8:50  Zealot x5  
  93  9:00  Probe x3  
  92  9:09  Observer  
  78  9:12  High Templar x5  
  78  9:13  High Templar x2, Zealot  
  95  9:19  Photon Cannon  
  95  9:26  Immortal  
  95  9:31  Robotics Bay  
  99  9:39  Archon x2  
  99  9:40  Archon  
  99  9:44  Zealot x2  
  99  9:45  Zealot x3  
  101  9:50  Zealot x2  
  89  9:58  Zealot  
  69  10:05  Zealot x4  
  53  10:17  Sentry  
  53  10:18  Sentry x3  
  58  10:26  Sentry x2  
  62  10:28  Sentry x2  
  64  10:42  Zealot x5  
Tags
 
Add a new tag
Caveats
  • Supply blocks, unpowered buildings, or Contaminate may cause inaccurate times.
  • Supply counts are checked every 10 seconds.